 Dungeon Crawl Stone Soup version 0.30-a0-557-ge2afbf3030 (webtiles) character file.

Game seed: 14888084126939563309

136 billz999 the Skirmisher (level 5, -2/43 HPs)
             Began as a Gnoll Hunter on Dec 27, 2022.
             Was a Follower of Ru.
             Slain by a gnoll
             ... wielding a +0 spear
              (4 damage)
             ... on level 3 of the Dungeon.
             The game lasted 00:02:38 (935 turns).

billz999 the Skirmisher (Gnoll Hunter)               Turns: 935, Time: 00:02:39

Health: -2/43      AC:  3    Str: 10    XL:     5   Next: 19%
Magic:  7/7        EV: 10    Int:  8    God:    Ru [*.....]
Gold:   70         SH:  0    Dex: 18    Spells: 6/6 levels left

rFire   . . .      SeeInvis .    a - +0 shortbow
rCold   . . .      Faith    .    (shield currently unavailable)
rNeg    . . .      Spirit   .    c - +0 leather armour
rPois   .          Reflect  .    (no helmet)
rElec   .          Harm     .    (no cloak)
rCorr   .          Rampage  .    (no gloves)
Will    .....                    (no boots)
Stlth   +                        (no amulet)
HPRegen 0.27/turn                (no ring)
MPRegen 0.10/turn                (no ring)

@: confused, lethally poisoned (-2 -> -11), ambrosia-drunk, attractive
A: fangs 1, inability to train dodging, strong nose, distributed training
a: Renounce Religion


You were on level 3 of the Dungeon.
You worshipped Ru.
Ru was aware of your devotion.
You visited 1 branch of the dungeon, and saw 4 of its levels.

You collected 70 gold pieces.

Inventory:

Hand Weapons
 a - a +0 shortbow (weapon)
Missiles
 j - 4 boomerangs
Armour
 c - a +0 leather armour (worn)
Scrolls
 b - 2 scrolls of immolation
 h - a scroll of enchant armour {unknown}
 l - 2 scrolls of identify {unknown}
 m - a scroll of silence {unknown}
Potions
 f - a potion of cancellation {unknown}
 g - 4 potions of curing {unknown}
 i - a potion of resistance {unknown}
 k - a potion of brilliance {unknown}


   Skills:
 + Level 4.8 Fighting
 + Level 1.4 Short Blades
 + Level 1.4 Long Blades
 + Level 1.4 Axes
 + Level 1.4 Maces & Flails
 + Level 1.4 Polearms
 + Level 1.4 Staves
 + Level 8.6 Ranged Weapons
 + Level 1.4 Throwing
 + Level 1.4 Armour
   Level 0.0 Dodging
 + Level 2.7 Stealth
 + Level 1.4 Shields
 + Level 1.4 Unarmed Combat
 + Level 1.4 Spellcasting
 + Level 1.1 Conjurations
 + Level 1.1 Hexes
 + Level 1.1 Summonings
 + Level 1.1 Necromancy
 + Level 1.1 Translocations
 + Level 1.1 Transmutations
 + Level 1.1 Fire Magic
 + Level 1.1 Ice Magic
 + Level 1.1 Air Magic
 + Level 1.1 Earth Magic
 + Level 1.1 Poison Magic
 + Level 1.6 Invocations
 + Level 1.4 Evocations


You had 6 spell levels left.
You didn't know any spells.
Your spell library was empty.

Dungeon Overview and Level Annotations

Branches:
Dungeon (4/15)
 Temple: D:4-7

Altars:
Ru


Innate Abilities, Weirdness & Mutations

You have very sharp teeth.
You cannot train Dodging skill.
Your uncanny sense of smell can sniff out nearby items.
Your experience applies equally to all skills.


Message History

You struggle against the net.
You shred the net and break free!
The adder hisses angrily.
The gnoll throws a throwing net.
The throwing net hits you.
You become entangled in the net!
There is an open door here.
You see here a throwing net.
You struggle against the net.
The gnoll hits you from afar with a +0 spear.
You struggle against the net.
The gnoll hits you with a +2 whip of electrocution!
The gnoll closely misses you.
You struggle against the net.
The gnoll hits you with a +2 whip of electrocution.
The gnoll hits you from afar with a +0 halberd.
The gnoll hits you from afar with a +0 spear.
The adder closely misses you.
You rip the net and break free!
The gnoll hits you with a +2 whip of electrocution!
* * * LOW HITPOINT WARNING * * *
The gnoll barely misses you. The gnoll misses you. The adder bites you.
* * * LOW HITPOINT WARNING * * *
You are poisoned.
The adder poisons you!
Unknown command.
It was a potion of attraction.
You feel attractive to monsters.
You feel sick.
The gnoll hits you with a +2 whip of electrocution.
* * * LOW HITPOINT WARNING * * *
The gnoll closely misses you. The gnoll barely misses you.
The adder closely misses you.
It was a potion of ambrosia.
You are confused.
You feel invigorated.
You feel sick. The adder bites you.
* * * LOW HITPOINT WARNING * * *
You are more poisoned.
The adder poisons you! The gnoll barely misses you. The gnoll misses you.
The gnoll hits you from afar with a +0 spear.
You die...

....... .
>.....# .!
.....# ...
#+##....# ....
#.##....#
.....###.##....#
.........##....#
#.....gg@.....#
#.....gS##....#
#.......##....#
∆
#.......#####.#
∆ #.)...### #.#
.......
#.###########
.......
#............
.......
##...........
.....
#...........


You could see 3 gnolls and an adder.

Vanquished Creatures
  A hound (D:4)
  Terence (D:2)
  3 adders
  A gnoll (D:3)
  A worm (D:2)
  A dart slug (D:1)
  9 ball pythons
  2 bats
  3 endoplasms (D:1)
  A giant cockroach (D:4)
  2 goblins (D:1)
  3 hobgoblins
  3 jackals (D:1)
  A quokka (D:1)
  2 frilled lizards
  7 kobolds
  4 rats
45 creatures vanquished.

Notes
Turn   | Place    | Note
-------+----------+-------------------------------------------
     0 | D:1      | billz999 the Gnoll Hunter began the quest for the Orb.
     0 | D:1      | Reached XP level 1. HP: 20/20 MP: 1/1
    68 | D:1      | Found a faded altar of an unknown god.
    74 | D:1      | Prayed at the altar of an unknown god.
    74 | D:1      | Became a worshipper of Ru the Awakened
    80 | D:1      | Gained mutation: You cannot train Dodging skill. [Ru
                  | sacrifice]
    80 | D:1      | Reached * piety under Ru
    93 | D:1      | Reached XP level 2. HP: 26/26 MP: 2/2
   238 | D:1      | Reached XP level 3. HP: 31/31 MP: 3/3
   510 | D:2      | Reached skill level 1 in Invocations
   533 | D:2      | Reached skill level 1 in Short Blades
   533 | D:2      | Reached skill level 1 in Long Blades
   533 | D:2      | Reached skill level 1 in Axes
   533 | D:2      | Reached skill level 1 in Maces & Flails
   533 | D:2      | Reached skill level 1 in Polearms
   533 | D:2      | Reached skill level 1 in Staves
   533 | D:2      | Reached skill level 1 in Throwing
   533 | D:2      | Reached skill level 1 in Armour
   533 | D:2      | Reached skill level 1 in Shields
   533 | D:2      | Reached skill level 1 in Unarmed Combat
   533 | D:2      | Reached skill level 1 in Spellcasting
   533 | D:2      | Reached skill level 1 in Evocations
   544 | D:2      | Noticed Terence
   557 | D:2      | Killed Terence
   558 | D:2      | Reached XP level 4. HP: 33/38 MP: 5/5
   599 | D:2      | You fall into a shaft and drop 2 floors!
   824 | D:4      | Reached skill level 1 in Conjurations
   824 | D:4      | Reached skill level 1 in Hexes
   824 | D:4      | Reached skill level 1 in Summonings
   824 | D:4      | Reached skill level 1 in Necromancy
   824 | D:4      | Reached skill level 1 in Translocations
   824 | D:4      | Reached skill level 1 in Transmutations
   824 | D:4      | Reached skill level 1 in Fire Magic
   824 | D:4      | Reached skill level 1 in Ice Magic
   824 | D:4      | Reached skill level 1 in Air Magic
   824 | D:4      | Reached skill level 1 in Earth Magic
   824 | D:4      | Reached skill level 1 in Poison Magic
   829 | D:4      | Reached XP level 5. HP: 35/43 MP: 5/7
   935 | D:3      | HP: 2/43 [adder (4)]
   935 | D:3      | Slain by a gnoll

Illustrated notes

Levels and vault maps discovered:
D:1:      minmay_arrival_solitary_statue, layout_rooms, basic_ecumenical_altar,
          st_stairs_8
D:2:      layout_basic, serial_shops, nicolae_shop_trees, uniq_terence
D:3:      kennysheep_six_static_rooms, layout_basic, old_standard_altar
D:4:      layout_loops_corners, nicolae_ru_sacrificial_ziggurat,
          serial_bayou_lagoon_a, minmay_ruined_shrine

Skill      XL: |  1  2  3  4 |
---------------+-------------+-----
Dodging        | 0 |  0.0
Invocations    | 1 |  1.6
Short Blades   | 1 |  1.4
Long Blades    | 1 |  1.4
Axes           | 1 |  1.4
Maces & Flails | 1 |  1.4
Polearms       | 1 |  1.4
Staves         | 1 |  1.4
Throwing       | 1 |  1.4
Armour         | 1 |  1.4
Shields        | 1 |  1.4
Unarmed Combat | 1 |  1.4
Spellcasting   | 1 |  1.4
Evocations     | 1 |  1.4
Conjurations   | 1 |  1.1
Hexes          | 1 |  1.1
Summonings     | 1 |  1.1
Necromancy     | 1 |  1.1
Translocations | 1 |  1.1
Transmutations | 1 |  1.1
Fire Magic     | 1 |  1.1
Ice Magic      | 1 |  1.1
Air Magic      | 1 |  1.1
Earth Magic    | 1 |  1.1
Poison Magic   | 1 |  1.1
Fighting       | |  4.8
Ranged Weapons | |  8.6
Stealth        | |  2.7

Action                   |  1- 3 |  4- 6 || total
-------------------------+-------+-------++-------
 Fire: Shortbow          |    67 |    36 ||   103
Invok: Sacrifice Nimblen |     1 |       ||     1
  Use: Potion            |       |     2 ||     2
Armor: Leather armour    |     3 |     6 ||     9
Dodge: Dodged            |     5 |    17 ||    22

Table legend: (Time is in decaauts)
 A = Elapsed time spent in this place.
 B = Non-inter-level travel time spent in this place.
 C = Inter-level travel time spent in this place.
 D = Time resting spent in this place.
 E = Time spent auto-exploring this place.
 F = Levels seen in this place.
 G = Mean time per level.
                   A        B        C        D        E       F      G
               +--------+--------+--------+--------+--------+-----+--------+
         Total |    951 |    895 |     56 |      0 |    706 |   4 |  237.8 |
       Dungeon |    951 |    895 |     56 |      0 |    706 |   4 |  237.8 |
               +--------+--------+--------+--------+--------+-----+--------+

Top non-repeatable levels by time:
     D:1: 437 daAuts
     D:4: 291 daAuts
     D:2: 169 daAuts
     D:3: 52 daAuts
